 Dungeon Crawl Stone Soup version 0.27.1-2-g3b301248ec (webtiles) character file.

Game seed: 2736744873425332941

627 Borgoz the Skirmisher (level 7, -1/44 HPs)
             Began as a Gargoyle Berserker on Sept 26, 2021.
             Was a Priest of Trog.
             Slain by a gnoll (4 damage)
             ... on level 5 of the Dungeon.
             The game lasted 00:03:49 (3831 turns).

Borgoz the Skirmisher (Gargoyle Berserker)          Turns: 3831, Time: 00:03:49

Health: -1/44      AC: 13    Str: 21    XL:     7   Next: 47%
Magic:  7/7        EV: 11    Int:  7    God:    Trog [***...]
Gold:   165        SH:  0    Dex: 11    Spells: 6/6 levels left

rFire    + . .     SeeInvis .   v - +0 flail
rCold    + . .     Faith    .   (no shield)
rNeg     + . .     Spirit   .   u - +0 scale mail
rPois    ∞         Reflect  .   (no helmet)
rElec    +         Harm     .   o - +0 cloak
rCorr    .         Rampage  .   (no gloves)
Will     ++...                  (no boots)
Stlth    ..........             (no amulet)
HPRegen  1.14/turn              p - ring of protection from cold
MPRegen  0.10/turn              j - ring of protection from fire

@: lit by a corona, strong-willed, on berserk cooldown, regenerating, slowed,
glowing, very slow
A: sickness immunity, AC +4, negative energy resistance 1, electricity
resistance, torment resistance 1, petrification resistance
a: Renounce Religion, Berserk, Trog's Hand


You were on level 5 of the Dungeon.
You worshipped Trog.
Trog was most pleased with you.
You visited 1 branch of the dungeon, and saw 6 of its levels.

You collected 165 gold pieces.

Inventory:

Hand Weapons
 v - a +0 flail (weapon)
Armour
 o - a +0 cloak (worn)
 u - a +0 scale mail (worn)
Jewellery
 j - a ring of protection from fire (right hand)
 p - a ring of protection from cold (left hand)
Scrolls
 a - a scroll of brand weapon {unknown}
 b - 2 scrolls of noise {unknown}
 e - a scroll of holy word {unknown}
 f - 6 scrolls of identify {unknown}
 k - 3 scrolls of teleportation {unknown}
 l - 2 scrolls of enchant weapon {unknown}
 n - 2 scrolls of amnesia {unknown}
 t - 2 scrolls of enchant armour {unknown}
 w - a scroll of magic mapping {unknown}
Potions
 c - 3 potions of attraction {unknown}
 d - 2 potions of ambrosia {unknown}
 g - a potion of berserk rage {unknown}
 h - 3 potions of curing {unknown}
 i - 2 potions of lignification {unknown}
 m - 2 potions of heal wounds {unknown}
 q - a potion of experience {unknown}
 r - a potion of flight {unknown}
 s - 2 potions of mutation {unknown}
 x - a potion of magic {unknown}


   Skills:
 + Level 5.3 Fighting
 + Level 4.9 Maces & Flails
 + Level 4.7 Armour
 + Level 3.5 Dodging


You had 6 spell levels left.
You didn't know any spells.
Your spell library was empty.

Dungeon Overview and Level Annotations

Branches:
Dungeon (6/15)
 Temple: D:4-7

Altars:
Dithmenos
Vehumet
Wu Jian
Xom

Shops:
D:2 (


Innate Abilities, Weirdness & Mutations

You are immune to sickness and miasma.
Your stone body is resilient. (AC +4)
You are immune to poison.
You resist negative energy. (rN+)
You are resistant to electric shocks. (rElec)
You are resistant to unholy torment.
You are immune to petrification.


Message History

The gnoll is almost dead.
The gnoll hits you with a +0 halberd. The gnoll hits you but does no damage.
An ogre comes into view. It is wielding a +0 giant club.
The gnoll hits you from afar with a +2 vorpal halberd.
The ogre shouts!
You thump the gnoll!
You kill the gnoll!
Trog accepts your kill. The gnoll hits you with a +0 halberd!
* * * LOW HITPOINT WARNING * * *
The gnoll shaman invokes the aid of its god against you.
You are outlined in light.
The gnoll closely misses you.
You closely miss the gnoll.
The gnoll is moderately wounded.
The gnoll closely misses you.
The gnoll shaman hits you but does no damage.
The gnoll hits you with a +0 halberd.
* * * LOW HITPOINT WARNING * * *
The gnoll hits you from afar with a +2 vorpal halberd!
* * * LOW HITPOINT WARNING * * *
x2 You sock the gnoll!
You kill the gnoll!
Trog accepts your kill.
The gnoll shaman calls upon its god to speed up the gnoll.
The gnoll seems to speed up.
An orc comes into view. It is wielding a +0 war axe.
You feel a strong urge to attack something.
You are no longer berserk.
You are exhausted.
You feel yourself slow down.
Okay, then.
Okay, then.
Your skin crawls.
You feel strong-willed. The gnoll barely misses you.
The gnoll hits you from afar with a +2 vorpal halberd.
* * * LOW HITPOINT WARNING * * *
x2 Your scale mail prevents you from hitting the gnoll shaman.
The gnoll hits you from afar with a +2 vorpal halberd.
You die...

#... #. #... #. #..#
####. #.o# ..... #Oo#
#)o# #og### ####
#####....#####..#
#..#..@g........## #
#......######..<# ##
#...#### ##..## ##.
#...# #...###>. #...#
####.......#
#...#######..........#
##..........#####...##
#.......#### ##...#
#.....### #....


You could see an ogre, a gnoll shaman, an orc wizard, a gnoll (fast) and 3 orcs.

Vanquished Creatures
  Sigmund (D:2)
  2 centaurs
  Terence (D:3)
  A centaur skeleton (D:5)
  An orc wizard (D:3)
  A hound skeleton (D:4)
  4 gnolls (D:5)
  8 adders
  4 dart slugs
  19 orcs
  6 bats
  6 endoplasms
  A giant cockroach (D:2)
  5 goblins
  3 hobgoblins
  A jackal (D:3)
  7 kobolds
  4 quokkas
  13 ball pythons
  5 frilled lizards
  6 rats
99 creatures vanquished.

Notes
Turn   | Place    | Note
-------+----------+-------------------------------------------
     0 | D:1      | Borgoz the Gargoyle Berserker began the quest for the Orb.
     0 | D:1      | Reached XP level 1. HP: 14/14 MP: 1/1
    35 | D:1      | Found a faded altar of an unknown god.
   163 | D:1      | Reached XP level 2. HP: 19/19 MP: 2/2
   719 | D:2      | Reached XP level 3. HP: 23/23 MP: 3/3
   734 | D:2      | Reached ** piety under Trog
   856 | D:2      | Noticed Sigmund
   869 | D:2      | Killed Sigmund
   870 | D:2      | Reached skill level 4 in Fighting
   870 | D:2      | Reached XP level 4. HP: 30/30 MP: 4/4
   870 | D:2      | Reached XP level 5. HP: 34/34 MP: 5/5
  1264 | D:2      | Found Niaxypu's Weapon Shoppe.
  1733 | D:3      | You fall into a shaft and drop 3 floors!
  1770 | D:6      | Noticed a centaur
  1787 | D:6      | Killed a centaur
  1788 | D:6      | Reached XP level 6. HP: 37/39 MP: 6/6
  1811 | D:5      | Entered Level 5 of the Dungeon
  2035 | D:4      | Reached skill level 5 in Fighting
  2059 | D:4      | Reached XP level 7. HP: 41/44 MP: 7/7
  2237 | D:4      | Found a radiant altar of Vehumet.
  2331 | D:4      | Found a shimmering altar of Xom.
  2332 | D:4      | Found a shadowy altar of Dithmenos.
  2771 | D:3      | Noticed Terence
  2776 | D:3      | Killed Terence
  2809 | D:3      | Reached *** piety under Trog
  3522 | D:4      | Found an ornate altar of the Wu Jian Council.
  3826 | D:5      | HP: 2/66 [gnoll (2)]
  3831 | D:5      | Slain by a gnoll

Illustrated notes

Levels and vault maps discovered:
D:1:      minmay_arrival_arboretum_small, layout_loops_cross,
          shapermc_ecumenical_altar_notcrosses
D:2:      layout_basic, serial_shops, nicolae_shop_crystal,
          minmay_pentomino_pile, uniq_sigmund
D:3:      layout_basic, minmay_increasing_density, uniq_terence
D:4:      layout_loops_ring, mainiacjoe_overflow_paths, minitemple,
          marbit_many_paths
D:5:      layout_layer_cave, grunt_qazlal_clouds
D:6:      layout_basic, serial_bayou_pond_c

Skill      XL: |  1  2  3  4  5  6 |
---------------+-------------------+-----
Dodging        | 2 3 |  3.5
Fighting       | 4 5 |  5.3
Maces & Flails | 4 |  4.9
Armour         | 3 4 |  4.7

Action                   |  1- 3 |  4- 6 |  7- 9 || total
-------------------------+-------+-------+-------++-------
Melee: Mace              |    63 |   112 |   115 ||   290
       Flail             |       |       |    63 ||    63
Invok: Trog's Hand       |     1 |     2 |     1 ||     4
       Berserk           |     1 |       |     2 ||     3
 Stab: Sleeping          |     1 |       |       ||     1
Armor: Animal skin       |    15 |       |       ||    15
       Ring mail         |    13 |    85 |    30 ||   128
       Scale mail        |       |       |    84 ||    84
Dodge: Dodged            |    41 |    90 |   126 ||   257
